 Dungeon Crawl Stone Soup version 0.26.1-2-gb8aa6d0cf2 (webtiles) character file.

Game seed: 5155973813930113800

356046 MalarOregon the Peltast (level 23, -7/157 HPs)
             Began as a Halfling Hunter on Mar 30, 2021.
             Was the Champion of Ashenzari.
             Mangled by a vault warden
             ... wielding a +1 antimagic long sword
              (15 damage)
             ... on level 5 of the Vaults.
             The game lasted 02:51:26 (64949 turns).

MalarOregon the Peltast (Halfling Hunter)          Turns: 64949, Time: 02:51:26

Health: -7/157     AC: 30    Str: 14    XL:     23   Next: 36%
Magic:  30/36      EV: 27    Int: 18    God:    Ashenzari [******]
Gold:   4463       SH:  0    Dex: 23    Spells: 21/40 levels left

rFire    + . .     SeeInvis +   a - +3 sling "Punk" {acid, rCorr} (curse)
rCold    . . .     Faith    .   R - +0 kite shield of Juah {rPois rF+ Int+3} (curse)
rNeg     + . .     Spirit   .   A - +3 scale mail {Will+} (curse)
rPois    +         Reflect  .   k - +2 helmet (curse)
rElec    .         Harm     .   m - +2 cloak (curse)
rCorr    +         Rampage  .   r - +0 pair of gloves (curse)
Will     ++...     Clarity  +   t - +1 pair of boots {Stlth+} (curse)
Stlth    +.........             e - amulet of regeneration (curse)
HPRegen  0.76/turn              p - ring "Jowats" {AC+4 Dex+5 Stlth-} (curse)
MPRegen  0.25/turn              w - ring of positive energy

@: confused, very slightly contaminated, hasted, very quick
A: small, mutation resistance 1
}: 2/15 runes: decaying, gossamer
a: Renounce Religion, Curse Item, Scrying, Transfer Knowledge


You were on level 5 of the Vaults.
You worshipped Ashenzari.
Ashenzari was exalted by your worship.
You visited 7 branches of the dungeon, and saw 37 of its levels.
You also visited: Trove, Sewer, Bailey and Ice Cave.

You collected 7475 gold pieces.
You spent 3012 gold pieces at shops.

Inventory:

Hand Weapons
 a - the cursed +3 sling "Punk" (weapon) {acid, rCorr}
   (You took it off a vault guard on level 13 of the Dungeon)

   It provides partial protection from all sources of acid and corrosion.
   It has a curse placed upon it.
Missiles
 c - 7 datura-tipped darts
 h - 136 stones (quivered ammo)
 j - 5 curare-tipped darts {!f}
 y - 8 atropa-tipped darts
 C - a throwing net {!f}
 Y - 39 boomerangs
Armour
 k - a cursed +2 helmet (worn)
   (You took it off Robin on level 4 of the Dungeon)
 m - a cursed +2 cloak (worn)
   (You found it on level 6 of the Dungeon)
 r - a cursed +0 pair of gloves (worn)
   (You found it on level 3 of the Dungeon)
 t - a cursed +1 pair of boots of stealth (worn)
   (You found it on level 3 of the Spider Nest)
 A - a cursed +3 scale mail of willpower (worn)
   (You took it off an orc on level 12 of the Dungeon)
 R - the cursed +0 kite shield of Juah (worn) {rPois rF+ Int+3}
   (You acquired it on level 4 of the Swamp)

   It affects your intelligence (+3).
   It protects you from fire.
   It protects you from poison.
   It has a curse placed upon it.
Jewellery
 e - a cursed amulet of regeneration (around neck)
   (You found it on level 3 of the Spider Nest)
 o - the ring "Tiutok" {Ice Str+6}
   (You found it in an ice cave)

   [ring of ice]

   It enhances your ice magic.
   It affects your strength (+6).
   It makes you vulnerable to fire.
   It protects you from cold.
 p - the cursed ring "Jowats" (left hand) {AC+4 Dex+5 Stlth-}
   (You found it in a treasure trove)

   [ring of protection]

   It affects your AC (+4).
   It affects your dexterity (+5).
   It makes you less stealthy.
   It has a curse placed upon it.
 w - a ring of positive energy (right hand)
   (You found it on level 11 of the Dungeon)
 P - an uncursed ring of fire
   (You found it in an ice cave)
 W - an uncursed ring of willpower
   (You found it on level 6 of the Lair of Beasts)
Wands
 d - a wand of iceblast (17)
   (You found it on level 4 of the Dungeon)
 u - a wand of paralysis (21)
   (You took it off Psyche on level 9 of the Dungeon)
 v - a wand of digging (5)
   (You found it in an ice cave)
 x - a wand of polymorph (30)
   (You bought it in a shop on level 2 of the Orcish Mines)
 O - a wand of enslavement (21)
   (You found it on level 1 of the Lair of Beasts)
Scrolls
 q - 10 scrolls of teleportation {@r4}
 s - 8 scrolls of immolation {!r}
 z - 2 scrolls of fog
 B - 5 scrolls of blinking
 D - 3 scrolls of holy word
 E - 5 scrolls of fear
 L - a scroll of summoning
 M - 5 scrolls of magic mapping
 Q - 4 scrolls of vulnerability {!r}
 S - 10 scrolls of remove curse {@r2}
Potions
 g - 6 potions of lignification {!q}
 l - 7 potions of flight
 F - 2 potions of ambrosia
 H - 2 potions of cancellation
 I - 6 potions of mutation {!q}
 K - a potion of resistance
 N - 5 potions of haste {@q3}
Miscellaneous
 b - a box of beasts (inert)
   (You found it on level 4 of the Lair of Beasts)
 i - a phantom mirror
   (You found it on level 12 of the Dungeon)
 J - a phial of floods
   (You found it on level 11 of the Dungeon)
 T - a tin of tremorstones (inert)
   (You found it on level 11 of the Dungeon)
 U - a lightning rod (4/4) {!a}
   (You found it on level 5 of the Lair of Beasts)
 V - a condenser vane
   (You bought it in a shop on level 13 of the Dungeon)


   Skills:
 + Level 13.0 Fighting
 - Level 3.5 Short Blades
 - Level 14.4(18.5) Slings
 + Level 15.0(19.0) Armour
 - Level 13.6(17.6) Dodging
 - Level 14.6 Stealth
 - Level 20.0(22.2) Shields
 + Level 9.2 Spellcasting
 * Level 16.6(19.1) Ice Magic
 - Level 9.7(12.5) Evocations


You had 21 spell levels left.
You knew the following spells:

 Your Spells              Type           Power        Failure   Level
a - Absolute Zero         Ice            33%          100%        9
b - Blink                 Tloc           N/A          26%         2
f - Mephitic Cloud        Conj/Pois/Air  9%           45%         3
u - Animate Skeleton      Necr           18%          17%         1
y - Olgreb's Toxic Radia  Pois           9%           86%         4

Your spell library contained the following spells:

 Spells                   Type           Power        Failure   Level
 Ensorcelled Hibernation  Hex/Ice        86%          1%          2
 Ozocubu's Refrigeration  Ice            33%          1%          6
 Ice Form                 Ice/Tmut       43%          3%          4
 Summon Ice Beast         Ice/Summ       43%          3%          4
 Metabolic Englaciation   Hex/Ice        21%          10%         5
 Apportation              Tloc           18%          17%         1
 Beastly Appendage        Tmut           18%          17%         1
 Corona                   Hex            10%          17%         1
 Foxfire                  Conj/Fire      36%          17%         1
 Magic Dart               Conj           36%          17%         1
 Pain                     Necr           36%          17%         1
 Sting                    Tmut/Pois      36%          17%         1
 Summon Small Mammal      Summ           36%          17%         1
 Call Imp                 Summ           9%           26%         2
 Poisonous Vapours        Pois/Air       18%          26%         2
 Slow                     Hex            9%           26%         2
 Wereblood                Tmut           9%           26%         2
 Call Canine Familiar     Summ           9%           45%         3
 Confusing Touch          Hex            9%           45%         3
 Conjure Flame            Conj/Fire      9%           45%         3
 Dazzling Flash           Conj/Hex       18%          45%         3
 Gell's Gravitas          Tloc           4%           45%         3
 Ignite Poison            Fire/Tmut/Pois 9%           45%         3
 Inner Flame              Hex/Fire       9%           45%         3
 Portal Projectile        Hex/Tloc       18%          45%         3
 Spider Form              Tmut/Pois      4%           45%         3
 Summon Guardian Golem    Hex/Summ       9%           45%         3
 Tukima's Dance           Hex            9%           45%         3
 Vampiric Draining        Necr           4%           45%         3
 Simulacrum               Ice/Necr       21%          50%         6
 Animate Dead             Necr           4%           86%         4
 Sticky Flame             Conj/Fire      9%           86%         4
 Summon Lightning Spire   Summ/Air       9%           86%         4
 Freezing Cloud           Conj/Ice/Air   16%          90%         6
 Agony                    Necr           9%           99%         5
 Blade Hands              Tmut           4%           99%         5
 Bolt of Magma            Conj/Fire/Erth 4%           99%         5
 Fireball                 Conj/Fire      4%           99%         5
 Irradiate                Conj/Tmut      4%           99%         5
 Iskenderun's Battlesphe  Conj           9%           99%         5
 Summon Demon             Summ           4%           99%         5
 Summon Forest            Summ/Tloc      4%           99%         5
 Summon Mana Viper        Hex/Summ       9%           99%         5
 Dispersal                Tloc           4%           100%        6
 Hydra Form               Tmut           4%           100%        6
 Iron Shot                Conj/Erth      4%           100%        6
 Shadow Creatures         Summ           N/A          100%        6
 Statue Form              Tmut/Erth      6%           100%        6
 Dragon Form              Tmut           4%           100%        7
 Orb of Destruction       Conj           4%           100%        7
 Spellforged Servitor     Conj/Summ      4%           100%        7
 Summon Hydra             Summ           4%           100%        7
 Chain Lightning          Conj/Air       4%           100%        8
 Disjunction              Tloc           4%           100%        8
 Lehudib's Crystal Spear  Conj/Erth      4%           100%        8
 Fire Storm               Conj/Fire      4%           100%        9


Dungeon Overview and Level Annotations

Branches:
Dungeon (15/15)            Temple (1/1) D:4            Lair (6/6) D:8
  Swamp (4/4) Lair:3       Spider (4/4) Lair:2        Slime (0/5) Lair:6
    Orc (2/2) D:10            Elf (0/3) Orc:2        Vaults (5/5) D:13
  Crypt (0/3) Vaults:3     Depths (0/5) D:15          Sewer (visited)
 Bailey (visited)           IceCv (visited)

Altars:
Ashenzari
Cheibriados
Dithmenos
Elyvilon
Fedhas
Gozag
Hepliaklqana
Kikubaaqudgha
Makhleb
Nemelex Xobeh
Okawaru
Qazlal
Ru
Sif Muna
Trog
Uskayaw
Vehumet
Wu Jian
Xom
Yredelemnul
Zin
The Shining One

Shops:
D:8 [   D:9 *   D:13 }}?!   Orc:2 *?}!

Annotations:
Lair:2 3 runed translucent doors, Capylives's ghost, journeyman TrGl; kalagan's ghost, journeyman DECj
Lair:6 1 runed translucent door
Vaults:4 4 runed translucent doors


Innate Abilities, Weirdness & Mutations

You are small and have problems with some larger weapons.
You are somewhat resistant to further mutation.


Message History

Your yaktaur shoots a bolt.
The bolt hits the quicksilver dragon!!
The bolt dissolves into shadows!
Your freezing wraith hits the vault warden but does no damage.
Your freezing wraith closely misses the vault warden.
The sphinx mumbles some strange words.
Something smites you!
* * * LOW HITPOINT WARNING * * *
The tengu reaver hits your vault warden with a +0 great sword!
The tengu reaver pecks your vault warden.
The tengu reaver claws your vault warden but does no damage.
Your vault sentinel misses the vault warden.
The vault warden hits you but does no damage.
Your yaktaur unwields a +0 arbalest.
Your yaktaur barely misses the golden dragon.
The quicksilver dragon bites your vault warden.
The quicksilver dragon barely misses your vault warden.
Okay, then.
Okay, then.
You are too confused!
Your sphinx hits the golden dragon!
Your sphinx hits the golden dragon but does no damage.
Your sphinx barely misses the golden dragon.
Your vault warden hits the quicksilver dragon with a +0 vorpal great sword!!
The golden dragon bites your sphinx!! The golden dragon claws your sphinx!
The golden dragon barely misses your sphinx.
An iron dragon comes into view.
Your vault guard hits the quicksilver dragon with a +0 battleaxe!
Your vault guard hits the vault warden but does no damage.
Your vault guard hits the sphinx but does no damage.
A yaktaur captain comes into view.
Your stone giant hits the golden dragon.
The war gargoyle hits your vault guard with a +0 dire flail of protection!
Your vault guard dies!
Your vault guard's corpse dissolves into shadows!
The sphinx misses your vault guard. The sphinx hits your vault guard! x2
Your freezing wraith hits the sphinx!
Your freezing wraith freezes the sphinx!!
Your freezing wraith hits the sphinx!
The quicksilver dragon bites your vault guard.
The quicksilver dragon claws your vault guard!
You hear a shout!
You are too confused!
The brown very ugly thing barely misses your vault warden.
Your sphinx hits the golden dragon!!
Your sphinx hits the golden dragon but does no damage. x2
Your yaktaur shoots a bolt.
The bolt hits the stone giant!
The bolt dissolves into shadows!
Your vault warden hits the sphinx with a +0 glaive!!
The vault warden hits you with a +1 antimagic long sword!
You die...

, ,+ ,+ ,*
....#....#...,,,, ,,
,,* * *,#{.{........ *
****
**########{{{§§)..## **
,,, ,,, ,
.......§{{§§9§.... ,, ,
, ,,, ,,
.......{{{{o)<...., , ,
,,, ......{{{{pp§§....,
, ,,,
......{{{cp§§.....,,,,
****
***########QCD9....##**
* , ,
,,,,#..HDC@pDS*.......
,*,, ,,,,,,
,c.#..cWppC#....#..., ,
,, ,D.9#(.pHcc#....#...
,,, ,,
,,.,..#..p..#....# .. ,
, , ,,, ..p .#Qu..# ,
,**, ** , ,, , ..
...#...#, * , ,,*,, ,,,
, ,,.,.. ..#..# ∆, , ,
, , ,*, , ...... #.#, ,
, , ,,,* ,, , , , , * *
,,


You could see an iron dragon, an ironheart preserver, a golden dragon, a storm
dragon, a brown very ugly thing, a fire giant, a quicksilver dragon, a sphinx, a
stone giant, a vault warden, 2 tengu reavers, 2 yaktaur captains, 3 vault
guards, an orc knight, a sea snake, 2 war gargoyles, a battlesphere, a friendly
sphinx (summoned), a friendly stone giant (summoned), 2 friendly vault wardens,
a friendly vault guard (summoned), a friendly vault sentinel (summoned), 3
friendly yaktaurs and a friendly freezing wraith (summoned).

Vanquished Creatures
  Mara (Spider:3)
  The ghost of SpeedRobin the Champion of Chaos, an adept DDFi of Makhleb (Vaults:4)
  Jorgrun (Swamp:2)
  A sphinx (Vaults:2)
  2 thorn hunters
  Kirke (Swamp:2)
  A shadow dragon (Vaults:4)
  Donald (Spider:4)
  A fire giant (Vaults:4)
  4 deep elf sorcerers (Vaults:3)
  Aizul (Vaults:4)
  Louise (Spider:2)
  An orc warlord (Vaults:4)
  2 frost giants
  7 emperor scorpions
  2 ghouls
  6 ghost moths
  15 vault wardens
  3 stone giants
  12 ironheart preservers
  2 very ugly things (Vaults:3)
  A juggernaut skeleton (D:15)
  A deep elf demonologist (Vaults:3)
  5 bunyips
  A deep elf annihilator (Vaults:3)
  5 entropy weavers
  A dire elephant (Lair:6)
  3 spark wasps
  6 eleionomae
  A crystal guardian (Vaults:2)
  2 ettins
  A deep elf death mage (Vaults:3)
  A fire dragon (Vaults:1)
  2 ice dragons
  2 shambling mangroves (Swamp:4)
  Fannar (Lair:2)
  A great orb of eyes (Vaults:1)
  6 yaktaur captains
  8 boulder beetles
  A rakshasa (Vaults:3)
  20 vault guards
  30 hydras
  A catoblepas (Lair:6)
  2 ghost crabs
  33 two-headed ogres
  2 death knights
  6 centaur warriors
  11 alligators
  13 ogre magi
  A storm dragon zombie (Vaults:4)
  A vampire mage (Vaults:3)
  20 death yaks
  Sonja (Lair:3)
  3 deep elf knights
  3 shadow wraiths
  3 goliath frogs
  10 swamp dragons
  22 skeletal warriors
  5 unseen horrors
  11 bog bodies
  13 deep trolls
  4 wizards
  A golden dragon zombie (D:15)
  An orange crystal statue (Spider:3)
  2 spriggan druids (Swamp:2)
  A phantasmal warrior (Vaults:2)
  2 flayed ghosts
  3 deep elf archers
  14 orc knights
  6 lindwurms
  14 ironbrand convokers
  A wolf spider zombie (D:13)
  A fire giant zombie (Vaults:4)
  An orc sorcerer (Vaults:4)
  4 oklob plants (Lair:6)
  4 necromancers
  A stone giant zombie (Vaults:1)
  9 orb spiders
  11 cyclopes
  3 manticores
  4 deep elf magi (Vaults:3)
  A will-o-the-wisp (Lair:3)
  27 wolf spiders
  3 moths of wrath
  32 ugly things
  A salamander (shapeshifter) (Vaults:2)
  A human zombie (Vaults:4)
  11 vault sentinels
  3 elephants
  Psyche (D:9)
  10 torpor snails
  7 black mambas
  A black mamba (shapeshifter) (Vaults:3)
  Joseph (D:7)
  An ice statue (IceCv)
  24 cane toads
  5 freezing wraiths
  21 demonic crawlers
  2 yaktaur zombies
  4 rime drakes
  10 komodo dragons
  15 yaktaurs
  A kobold demonologist (D:14)
  A guardian mummy (D:15)
  21 jumping spiders
  A human skeleton (Vaults:1)
  8 slime creatures
  6 trolls
  2 bloated husks
  18 polar bears
  A meliai (shapeshifter) (Vaults:1)
  11 tyrant leeches
  A slime creature (shapeshifter) (Vaults:4)
  A hornet (shapeshifter) (Vaults:2)
  12 dream sheep (Lair:6)
  40 blink frogs
  A meliai zombie (D:11)
  30 hornets
  A deep troll zombie (D:15)
  A flying skull (Vaults:3)
  10 spriggans
  A shadow (D:13)
  A tarantella (shapeshifter) (D:15)
  20 tarantellas
  6 wyverns
  A fire dragon skeleton (D:15)
  2 wraiths
  A centaur simulacrum (D:15)
  74 redbacks
  Eustachio (D:4)
  19 humans (D:13)
  7 basilisks
  73 yaks
  16 vampire mosquitoes
  9 wargs
  20 swamp worms
  14 water moccasins
  2 acid dragons
  10 swamp drakes
  4 sky beasts
  An orc zombie (Vaults:1)
  47 orc warriors
  5 ice beasts
  2 black bears
  An eye of draining (D:12)
  6 necrophages
  5 phantoms
  45 ogres
  3 boggarts (D:15)
  28 wolves
  10 centaurs
  28 bullfrogs
  2 wyvern zombies
  2 wyvern skeletons
  A water moccasin zombie (D:7)
  6 scorpions
  13 killer bees
  6 howler monkeys
  14 electric eels
  2 vampire bats (D:4)
  17 wights
  A lava snake (D:8)
  6 centaur zombies
  2 quasits
  2 bullfrog zombies
  7 hounds
  2 yaktaur simulacra
  A bullfrog skeleton (D:11)
  2 centaur skeletons
  A gnoll shaman (Orc:2)
  18 orc priests
  5 jellies
  29 orc wizards
  Terence (D:2)
  2 iguanas
  7 worker ants
  A howler monkey zombie (D:10)
  2 worker ant zombies (D:10)
  Robin (D:4)
  16 gnolls
  14 adders
  2 river rats (D:4)
  5 white imps
  3 ufetubi
  3 oozes
  4 adder skeletons
  2 worms (D:2)
  10 leopard geckos
  118 orcs
  7 bats
  3 bat skeletons (D:4)
  3 bat zombies (D:4)
  6 giant cockroaches
  21 goblins
  11 hobgoblins
  10 jackals
  8 kobolds
  3 quokkas (D:5)
  6 ball pythons
  8 frilled lizards
  2 jackal skeletons
  A leopard gecko skeleton (D:4)
  10 rats
1652 creatures vanquished.

Vanquished Creatures (collateral kills)
  Arachne (Spider:3)
  A vault warden (Vaults:4)
  A vault guard (Vaults:5)
  A tarantella (Spider:3)
4 creatures vanquished.

Vanquished Creatures (others)
  An ettin (Vaults:4)
  2 vault guards (Vaults:4)
  A dancing weapon (Vaults:5)
  A deep elf knight (Vaults:3)
  A polar bear (IceCv)
  A yak (IceCv)
  A warg (Vaults:4)
  A wolf (IceCv)
  An orc priest (Orc:2)
  4 foxfires (Lair:3)
  46 fungi
  88 plants
  9 withered plants
157 creatures vanquished.

Grand Total: 1813 creatures vanquished

Notes
Turn   | Place    | Note
-------+----------+-------------------------------------------
     0 | D:1      | MalarOregon the Halfling Hunter began the quest for the
                  | Orb.
     0 | D:1      | Reached XP level 1. HP: 14/14 MP: 1/1
   182 | D:1      | Reached XP level 2. HP: 8/19 MP: 2/2
   671 | D:1      | Reached XP level 3. HP: 22/24 MP: 3/3
  1602 | D:2      | Reached skill level 1 in Short Blades
  1602 | D:2      | Reached skill level 1 in Armour
  1608 | D:2      | Reached XP level 4. HP: 23/29 MP: 4/4
  2191 | D:2      | Found a shadowy altar of Dithmenos.
  2260 | D:2      | Reached XP level 5. HP: 26/34 MP: 5/5
  2330 | D:2      | Found a white marble altar of Elyvilon.
  2359 | D:2      | Noticed Terence
  2372 | D:2      | Killed Terence
  2629 | D:2      | Found a stormy altar of Qazlal.
  2927 | D:2      | Reached XP level 6. HP: 41/41 MP: 6/6
  3611 | D:4      | Found a glowing drain.
  3705 | Sewer    | Entered a sewer
  3873 | Sewer    | Reached XP level 7. HP: 41/45 MP: 7/7
  4597 | D:4      | Noticed Robin
  4619 | D:4      | Killed Robin
  4699 | D:4      | Found a shimmering altar of Xom.
  5062 | D:4      | Found a staircase to the Ecumenical Temple.
  5078 | Temple   | Entered the Ecumenical Temple
  5261 | Temple   | Became a worshipper of Ashenzari the Shackled
  5557 | D:4      | Noticed Eustachio
  5570 | D:4      | Killed Eustachio
  5571 | D:4      | Reached XP level 8. HP: 37/52 MP: 8/8
  5686 | D:4      | Found an ancient bone altar of Kikubaaqudgha.
  6015 | D:5      | Entered Level 5 of the Dungeon
  7190 | D:6      | Reached skill level 10 in Slings
  7190 | D:6      | Reached skill level 5 in Dodging
  7190 | D:6      | Reached XP level 9. HP: 58/58 MP: 9/9
  7406 | D:6      | Reached skill level 5 in Stealth
  7800 | D:6      | Found a hide-covered altar of Uskayaw.
  8477 | D:7      | Identified the +5 hunting sling of the Crushing Sybil
                  | {speed, *Slow rC+++ rN+++ Int-4}
  8531 | D:7      | Reached skill level 5 in Armour
  8694 | D:7      | Noticed a troll
  8714 | D:7      | Killed a troll
  8750 | D:7      | Reached * piety under Ashenzari
  8861 | D:7      | Found a snail-covered altar of Cheibriados.
  8870 | D:7      | Reached XP level 10. HP: 65/65 MP: 10/10
  9134 | D:7      | Noticed Joseph
  9152 | D:7      | Killed Joseph
  9153 | D:7      | Reached skill level 5 in Fighting
 10898 | D:8      | Found a staircase to the Lair.
 10898 | D:8      | Noticed an elephant
 11127 | D:8      | Killed an elephant
 11311 | D:8      | Found Emuap's Armour Shop.
 11335 | D:8      | Bought a +3 ring mail of poison resistance for 276 gold
                  | pieces
 11836 | D:9      | Found Wealati's General Store.
 11843 | D:9      | Bought a scroll of brand weapon for 280 gold pieces
 11853 | D:9      | Noticed Psyche
 11861 | D:9      | Killed Psyche
 11862 | D:9      | Reached XP level 11. HP: 72/72 MP: 11/11
 11887 | D:9      | Reached ** piety under Ashenzari
 12265 | D:9      | Identified the cursed +3 war axe "Canycitaz" {protect,
                  | Int+4}
 12295 | D:9      | Found a glowing golden altar of the Shining One.
 12475 | D:10     | Entered Level 10 of the Dungeon
 12475 | D:10     | Identified the +6 dagger "Kautris" {speed, Int+5}
 12530 | D:10     | Found a flagged portal.
 12552 | Bailey   | Entered a bailey
 13303 | Bailey   | Identified the cursed +1 quarterstaff "Ykeg" {drain, Dex+5}
 13306 | Bailey   | Noticed an orc knight
 13395 | Bailey   | Killed an orc knight
 13998 | D:10     | Found a staircase to the Orcish Mines.
 14854 | Lair:1   | Entered Level 1 of the Lair of Beasts
 14964 | Lair:1   | Reached *** piety under Ashenzari
 15009 | Lair:1   | Reached XP level 12. HP: 81/81 MP: 12/12
 15098 | Lair:1   | Reached skill level 10 in Stealth
 15784 | Lair:2   | Noticed Fannar
 15843 | Lair:2   | Noticed a six-headed hydra
 15862 | Lair:2   | Killed a six-headed hydra
 15863 | Lair:2   | Reached skill level 1 in Spellcasting
 15863 | Lair:2   | Reached skill level 1 in Ice Magic
 15863 | Lair:2   | Reached skill level 1 in Evocations
 16137 | Lair:2   | Killed Fannar
 16249 | Lair:2   | Reached **** piety under Ashenzari
 16261 | Lair:2   | Noticed a four-headed hydra
 16270 | Lair:2   | Killed a four-headed hydra
 16318 | Lair:2   | Noticed a five-headed hydra
 16341 | Lair:2   | HP: 2/82 [spriggan/+0 dagger (7)]
 16622 | Lair:2   | Killed a five-headed hydra
 16828 | Lair:2   | Noticed a seven-headed hydra
 16835 | Lair:2   | Killed a seven-headed hydra
 16846 | Lair:2   | Found a runed translucent gate.
 17159 | Lair:2   | Found a hole to the Spider Nest.
 17189 | Lair:2   | Reached XP level 13. HP: 89/89 MP: 16/16
 17310 | Lair:2   | Noticed a four-headed hydra
 17318 | Lair:2   | Killed a four-headed hydra
 17665 | Lair:2   | Found a runed translucent gate.
 17665 | Lair:2   | Found a runed translucent gate.
 17665 | Lair:2   | Noticed kalagan's ghost (journeyman DECj)
 17665 | Lair:2   | Noticed Capylives's ghost (journeyman TrGl)
 17840 | Lair:3   | Noticed an eight-headed hydra
 17845 | Lair:3   | Killed an eight-headed hydra
 17932 | Lair:3   | Reached ***** piety under Ashenzari
 17958 | Lair:3   | Found a staircase to the Swamp.
 18130 | Lair:3   | Noticed Sonja
 18149 | Lair:3   | Reached skill level 10 in Dodging
 18170 | Lair:3   | Reached skill level 10 in Armour
 18173 | Lair:3   | Killed Sonja
 18584 | Lair:3   | Identified the cursed +0 robe "Wiseut" {rC- Int+4}
 18680 | Lair:3   | Learned a level 9 spell: Absolute Zero
 19875 | Lair:4   | Noticed a seven-headed hydra
 19898 | Lair:3   | Reached XP level 14. HP: 87/97 MP: 19/19
 19908 | Lair:3   | Reached skill level 5 in Ice Magic
 20141 | Lair:4   | Reached skill level 5 in Evocations
 21311 | Lair:4   | Learned a level 1 spell: Animate Skeleton
 22299 | Lair:5   | Identified the ring of Plog {EV+4 Str+4}
 22481 | Lair:5   | Reached skill level 1 in Shields
 22812 | Lair:6   | Entered Level 6 of the Lair of Beasts
 22938 | Lair:6   | Reached skill level 2 in Shields
 23218 | Lair:6   | Found a staircase to the Slime Pits.
 23248 | Lair:6   | Reached XP level 15. HP: 99/103 MP: 21/21
 23365 | Lair:6   | Reached skill level 3 in Shields
 23587 | Lair:6   | Reached skill level 4 in Shields
 23685 | Lair:6   | Found a runed translucent door.
 23739 | Lair:6   | Reached skill level 5 in Spellcasting
 23801 | Lair:6   | Reached skill level 10 in Fighting
 24125 | Lair:6   | Reached skill level 5 in Shields
 24326 | Lair:6   | Reached skill level 6 in Shields
 24517 | Lair:6   | Reached skill level 7 in Shields
 24969 | Lair:6   | Reached skill level 8 in Shields
 25490 | Lair:6   | Reached skill level 9 in Shields
 25792 | Lair:6   | Found the +8 Wrath of Trog {antimagic, *Rage}
 25793 | Lair:6   | Identified the ring of Midnight {*Corrode rC+ Int+8 Dex+5
                  | SInv}
 26693 | Lair:6   | Reached skill level 10 in Shields
 26979 | D:10     | Learned a level 2 spell: Blink
 26983 | D:10     | Learned a level 3 spell: Mephitic Cloud
 26988 | D:10     | Learned a level 4 spell: Olgreb's Toxic Radiance
 27008 | D:11     | Reached XP level 16. HP: 109/109 MP: 23/23
 27269 | D:11     | Identified the +5 ring mail "Vuhuh" {rElec Stlth+}
 27539 | D:11     | Identified a scroll of acquirement
 27539 | D:11     | Acquired 1103 gold pieces
 27951 | D:11     | Reached skill level 11 in Shields
 28031 | D:12     | Found a frozen archway.
 28062 | IceCv    | Entered an ice cave
 29184 | IceCv    | Reached skill level 12 in Shields
 29320 | IceCv    | Noticed a frost giant
 29359 | IceCv    | Killed a frost giant
 29580 | IceCv    | Identified the ring "Tiutok" {Ice Str+6}
 30666 | IceCv    | HP: 3/109 [something (3)]
 31409 | D:12     | Reached skill level 13 in Shields
 32089 | D:12     | Reached ****** piety under Ashenzari
 32612 | D:13     | Reached skill level 14 in Shields
 32892 | D:13     | Found Guxim's Distillery.
 33455 | D:13     | Reached XP level 17. HP: 115/115 MP: 24/24
 33456 | D:13     | Found a gate to the Vaults.
 33490 | D:13     | Reached skill level 15 in Shields
 33606 | D:13     | Found Vituy's Magic Scroll Shoppe.
 33628 | D:13     | Found Degeot's Gadget Shop.
 33905 | D:13     | Found Woclor's Gadget Emporium.
 35175 | D:14     | Found a portal to a secret trove of treasure.
 35273 | Trove    | Entered a treasure trove
 35279 | Trove    | Identified the ring of Symmetry {+Blink Int+6}
 35279 | Trove    | Identified the cursed ring "Jowats" {AC+4 Dex+5 Stlth-}
 35420 | D:14     | Reached skill level 16 in Shields
 35527 | D:15     | Entered Level 15 of the Dungeon
 35683 | D:15     | Found a staircase to the Depths.
 36191 | D:15     | Identified the ring of Free Expression {Int+2 Dex+6 Slay+3}
 36631 | D:15     | Reached skill level 17 in Shields
 37226 | Orc:1    | Entered Level 1 of the Orcish Mines
 37720 | Orc:2    | Entered Level 2 of the Orcish Mines
 38128 | Orc:1    | Reached skill level 18 in Shields
 38216 | Orc:2    | Reached XP level 18. HP: 79/120 MP: 25/25
 38553 | Orc:2    | Found a staircase to the Elven Halls.
 38669 | Orc:2    | Found Riottesch's Gadget Shop.
 38669 | Orc:2    | Found Cuirujirast's Assorted Antiques.
 38669 | Orc:2    | Found Ledaredy's Distillery.
 38669 | Orc:2    | Found Pegoyg's Magic Scroll Shop.
 38684 | Orc:2    | Bought a glass wand for 88 gold pieces
 38684 | Orc:2    | Bought a wand of polymorph (5) for 44 gold pieces
 38684 | Orc:2    | Bought a scroll of acquirement for 1144 gold pieces
 38684 | Orc:2    | Bought a rare book for 330 gold pieces
 38684 | Orc:2    | Bought a leatherbound book for 330 gold pieces
 38686 | Orc:2    | Acquired 865 gold pieces
 38878 | Orc:2    | Found a radiant altar of Vehumet.
 39659 | D:13     | Bought a condenser vane for 520 gold pieces
 39794 | Spider:1 | Entered Level 1 of the Spider Nest
 40530 | Spider:1 | Reached skill level 19 in Shields
 41956 | Spider:2 | Noticed Louise
 41982 | Spider:2 | Killed Louise
 43483 | Spider:2 | Reached skill level 20 in Shields
 44193 | Spider:3 | Found the +0 staff of Battle
 44194 | Spider:3 | Found a transporter.
 44392 | Spider:3 | Noticed Mara
 44397 | Spider:3 | Noticed Arachne
 44408 | Spider:3 | Killed Mara
 44436 | Spider:3 | Found a transporter.
 44475 | Spider:3 | Killed Arachne
 44526 | Spider:3 | Reached XP level 19. HP: 51/126 MP: 27/27
 45364 | Spider:4 | Entered Level 4 of the Spider Nest
 45778 | Spider:4 | Acquired a manual of Ice Magic
 46430 | Spider:4 | Noticed Donald
 46439 | Spider:4 | Killed Donald
 47320 | Spider:4 | Got a gossamer rune of Zot
 48257 | Swamp:1  | Entered Level 1 of the Swamp
 49190 | Swamp:1  | Reached XP level 20. HP: 115/134 MP: 29/29
 49293 | Swamp:2  | Noticed Jorgrun
 49312 | Swamp:2  | Killed Jorgrun
 50210 | Swamp:2  | Noticed Kirke
 50226 | Swamp:2  | Killed Kirke
 50227 | Swamp:2  | Reached skill level 10 in Ice Magic
 51497 | Swamp:4  | Entered Level 4 of the Swamp
 53592 | Swamp:4  | Acquired the cursed +0 kite shield of Juah {rPois rF+
                  | Int+3}
 53691 | Swamp:4  | Got a decaying rune of Zot
 54109 | Vaults:1 | Entered Level 1 of the Vaults
 54235 | Vaults:1 | Reached XP level 21. HP: 99/141 MP: 31/31
 55317 | Vaults:1 | HP: 4/142 [vault warden/+1 glaive of venom (36)]
 57366 | Vaults:2 | Reached XP level 22. HP: 148/148 MP: 33/33
 57604 | Vaults:2 | Identified the +1 leather armour "Acafa" {Slay+3}
 58006 | Vaults:2 | Reached skill level 15 in Ice Magic
 58517 | Vaults:2 | Found the +10 Black Knight's barding {ponderous, rPois rN+}
 59109 | Vaults:3 | Found a staircase to the Crypt.
 61081 | Vaults:4 | Found a large runed translucent door.
 61081 | Vaults:4 | Found a large runed translucent door.
 61081 | Vaults:4 | Found a large runed translucent door.
 61081 | Vaults:4 | Found a large runed translucent door.
 61081 | Vaults:4 | Found a large runed translucent door.
 61081 | Vaults:4 | Found a large runed translucent door.
 61081 | Vaults:4 | Found a large runed translucent door.
 61081 | Vaults:4 | Found a large runed translucent door.
 61081 | Vaults:4 | Noticed SpeedRobin's ghost (adept DDFi)
 61411 | Vaults:4 | Reached XP level 23. HP: 76/156 MP: 35/35
 62042 | Vaults:4 | Noticed Aizul
 62055 | Vaults:4 | Killed Aizul
 62880 | Vaults:4 | Found a large runed translucent door.
 62882 | Vaults:4 | Found a large runed translucent door.
 62882 | Vaults:4 | Found a large runed translucent door.
 63428 | Vaults:4 | Killed SpeedRobin's ghost
 64263 | Vaults:5 | Entered Level 5 of the Vaults
 64938 | Vaults:5 | Noticed a golden dragon
 64942 | Vaults:5 | HP: 6/157 [vault warden/+1 antimagic long sword (27)]
 64944 | Vaults:5 | Identified the ring of Fanaticism {rC+ Str+7}
 64947 | Vaults:5 | Reached skill level 15 in Armour
 64947 | Vaults:5 | HP: 2/157 [sphinx/divine providence (13)]
 64949 | Vaults:5 | Mangled by a vault warden

Illustrated notes

Levels and vault maps discovered:
D:1:      elethiomel_arrival_infinity_welcomes_careful_drivers,
          layout_loops_cross
D:2:      layout_loops_cross, nicolae_qazlal_eye_of_the_storm, elyvilon_altar_5,
          overflow_temple_1_default, uniq_terence
D:3:      layout_rooms
D:4:      layout_basic, kennysheep_vampire_church, xom_butterflies,
          minmay_temple_entry_sparse_star, portal_sewer_entry_a, minmay_between,
          uniq_robin, uniq_eustachio
D:5:      layout_loops_ring, grunt_decor_resistance
D:6:      minmay_inner_zag, layout_rooms, basic_altar
D:7:      layout_cave_pools, kennysheep_little_box, corexii_hall_statues_l,
          uniq_joseph
D:8:      layout_cave_pools, david_lair_generic, serial_bayou,
          serial_bayou_crossing, serial_bayou_shore_b, serial_bayou_lake_a,
          serial_bayou_shore_a, serial_shops, shop_coins, st_stairs_1,
          kennysheep_cross_room
D:9:      layout_loops_cross, serial_shops, nicolae_shop_trees,
          nicolae_tso_carved_into_rock, uniq_psyche
D:10:     layout_small_grid, minmay_orc_entry_guard_dogs, enter_bailey_3,
          serial_undead, serial_undead_f, serial_undead_d, serial_undead_c,
          serial_undead_c, serial_undead_a, serial_undead_b
D:11:     layout_gridville, st_stairs_13, moated_statue
D:12:     layout_basic, serial_ice, serial_ice_n, serial_ice_b, serial_ice_d,
          serial_ice_e, serial_ice_k, serial_ice_o, serial_ice_a,
          portal_ice_cave_rime, minivault_25
D:13:     layout_grid_maze, grunt_vaults_entry_tiered, serial_shops, shop,
          nicolae_shop_behind_doors, shop, shop, minmay_misc_feat_x
D:14:     layout_rooms, kennysheep_decorative_pillar, trove_entry_hex_spiral,
          minmay_fountain_box
D:15:     gammafunk_depths_entry_grave, layout_stronghold, serial_park_square3
          [serial_park_minivault_5x5_5], minmay_misc_feat_nine_boxes
Temple:   nicolae_temple_elliptical
Lair:1:   layout_regular_city
Lair:2:   layout_hall_layers, spider_nest_entry_webs, gammafunk_ghost_cemetery,
          chequers_serial_rivers_micro_b, grunt_forest_large_clearing_hut,
          grunt_megastairs_5, lemuel_fruit_tree, uniq_fannar
Lair:3:   layout_layer_cave, minmay_swamp_entry_swarm, uniq_sonja
Lair:4:   layout_layer_cave, eino_small_chamber_without_monster,
          beast_lair_carwin_2
Lair:5:   layout_loops_ring, st_stairs_4, cheibrodos_lair_caveside_slide,
          grunt_forest_small_clearings, chequers_serial_rivers_micro_e, pond
Lair:6:   wormcave, layout_cave_pods, hangedman_lair_in_review, slime_dummy,
          minmay_lair_oklob_chamber
Swamp:1:  layout_basic_swamp, evilmike_swamp_ruin_rubble_2, swamp_pool5
Swamp:2:  layout_falls_marsh, nicolae_swamp_feature_on_the_river_bank,
          swamp_pool5, hangedman_swamp_ravenous, uniq_kirke, uniq_jorgrun
Swamp:3:  layout_basic_swamp, nicolae_swamp_triple_paths
Swamp:4:  swamp_alternative, layout_basic_swamp
Spider:1: layout_spider_delve, einodemon_crawler_minivault
Spider:2: layout_spider_delve, uniq_louise
Spider:3: gammafunk_sealed_arena, uniq_mara, uniq_arachne
Spider:4: spider_rune_water, uniq_donald
Orc:1:    layout_caves
Orc:2:    st_orc_ogre_mass, layout_caves, basic_altar
Vaults:1: nicolae_vaults_network_quincunx
          [nicolae_vaults_network_quincunx_subvault,
          nicolae_vaults_network_quincunx_subvault,
          nicolae_vaults_network_quincunx_subvault,
          nicolae_vaults_network_quincunx_subvault,
          nicolae_vaults_network_quincunx_subvault], hangedman_vaults_corner,
          nicolae_vaults_theta, nicolae_vaults_mini_display_case,
          ontoclasm_vaults_pinch, v_rooms_3, v_misc_12, v_rooms_5,
          ontoclasm_vaults_shout, vaults_dpeg_hooks, layout_vaults_big_cross
Vaults:2: nicolae_vaults_border_crossing, vaults_room_hangedman_quadrants,
          grunt_vaults_twisty, v_misc_12, vaults_mumra_minichess, v_misc_19,
          layout_vaults_chaotic_city
Vaults:3: nicolae_vaults_little_squares_6, nicolae_vaults_stairing_the_circle,
          nicolae_vaults_little_ls, v_alt_pattern_2,
          minmay_crypt_entry_simple_statues, nicolae_vaults_diagonal_hallway_8,
          v_misc_19, vaults_room_hallway, layout_vaults_omnigrid
Vaults:4: advil_vaults_ghost_lines, v_pattern_3, grunt_vaults_diagonal,
          v_rooms_4, v_misc_31, hangedman_vaults_maws, v_rooms_2,
          vaults_mumra_minichess_inversion, grunt_vaults_hallway_short,
          ontoclasm_vaults_gateway, vaults_room_fancy_cross,
          ontoclasm_vaults_decontamination, layout_vaults_ring, uniq_aizul
Vaults:5: serial_shops, uniq_jory

Skill      XL: |  1  2  3  4  5  6  7  8  9 10 11 12 13 14 15 16 17 18 19 20 21 22 23 |
---------------+----------------------------------------------------------------------+-----
Slings         | 6 7 8 10 11 12 13 14 | 14.4
Fighting       | 2 3 4 6 7 8 9 10 11 12 13 | 13.0
Short Blades   | 1 2 3 |  3.5
Armour         | 1 2 3 4 5 7 8 9 10 11 12 13 14 15 | 15.0
Stealth        | 2 3 4 6 8 9 10 11 12 13 14 | 14.6
Dodging        | 3 4 5 6 7 9 10 11 12 13 | 13.6
Spellcasting   | 2 3 4 5 6 7 8 9 |  9.2
Ice Magic      | 3 4 6 7 9 11 14 16 | 16.6
Evocations     | 3 4 6 7 9 |  9.7
Shields        | 2 10 14 18 20 | 20.0

Action                   |  1- 3 |  4- 6 |  7- 9 | 10-12 | 13-15 | 16-18 | 19-21 | 22-24 || total
-------------------------+-------+-------+-------+-------+-------+-------+-------+-------++-------
Melee: Short sword       |   100 |    51 |       |       |       |       |       |       ||   151
       Falchion          |       |       |    63 |       |       |       |       |       ||    63
       Fustibalus        |       |       |       |       |       |     2 |       |       ||     2
 Fire: Hunting sling     |    30 |   239 |   382 |   839 |  1351 |   975 |       |       ||  3816
       Fustibalus        |       |       |       |       |       |  1361 |  2201 |  1160 ||  4722
Throw: Dart              |       |       |    15 |    70 |    25 |       |       |     1 ||   111
       Boomerang         |       |       |       |       |       |     6 |    56 |   134 ||   196
 Cast: Animate Skeleton  |       |       |       |       |     4 |       |       |       ||     4
       Blink             |       |       |       |       |       |       |       |     1 ||     1
Invok: Curse Item        |       |       |     4 |       |     3 |     2 |     1 |       ||    10
       Scrying           |       |       |       |       |       |       |       |     1 ||     1
Evoke: Wand              |       |       |     3 |       |       |     2 |     2 |     9 ||    16
       Tin of tremorston |       |       |       |       |       |     2 |     4 |     4 ||    10
       Box of beasts     |       |       |       |       |       |     1 |       |     2 ||     3
       Lightning rod     |       |       |       |       |       |       |     4 |       ||     4
       Condenser vane    |       |       |       |       |       |       |     3 |     1 ||     4
  Use: Scroll            |       |       |    22 |    14 |     8 |     8 |    12 |     7 ||    71
       Potion            |       |       |       |     3 |       |     6 |    12 |    11 ||    32
 Stab: Sleeping          |     4 |     2 |       |       |       |       |       |       ||     6
Armor: Leather armour    |    19 |     6 |       |       |       |       |       |       ||    25
       Ring mail         |       |    12 |    57 |       |       |       |       |       ||    69
       Scale mail        |       |       |    15 |    57 |   153 |   231 |   292 |   194 ||   942
Dodge: Dodged            |    81 |    89 |   191 |   197 |   421 |   685 |   770 |   449 ||  2883
Block: Kite shield       |       |       |       |       |   203 |  1082 |  1078 |   639 ||  3002
       Rpst.: Falchion   |       |       |    28 |       |       |       |       |       ||    28
